 Dungeon Sprint DCSS version 0.26-a0-227-g1af32d979d (webtiles) character file.

Game seed: 15897616168113947848

70 MordorOrchid the Sneak (level 4, -1/23 HPs)
             Began as a Spriggan Enchanter on July 7, 2020.
             Was an Initiate of Elyvilon.
             Killed from afar by a white imp (8 damage)
             ... with a puff of frost
             ... in the Dungeon (Sprint IX: "|||||||||||||||||||||||||||||").
             The game lasted 00:03:12 (288 turns).

MordorOrchid the Sneak (Spriggan Enchanter)          Turns: 288, Time: 00:03:12

Health: -1/23      AC:  2    Str:  4    XL:     4   Next: 4%
Magic:  11/11      EV: 23    Int: 17    God:    Elyvilon [......]
Gold:   0          SH:  0    Dex: 22    Spells: 0/12 levels left

rFire    . . .     SeeInvis +   a - +1 dagger
rCold    . . .     Faith    .   (shield restricted)
rNeg     . . .     Spirit   .   b - +0 robe
rPois    .         Reflect  .   (helmet restricted)
rElec    .         Harm     .   (no cloak)
rCorr    .         NoTele   +   (gloves unavailable)
MR       .....                  (boots unavailable)
Stlth    ++++......             (no amulet)
HPRegen  0.07/turn              o - +3 ring of dexterity
MPRegen  0.12/turn              p - +3 ring of dexterity

@: very slightly contaminated, invisible, very quick
A: very small, unfitting armour, see invisible, herbivore, speed 3, slow
metabolism 2
a: Renounce Religion


You were in the Dungeon.
You worshipped Elyvilon.
Elyvilon was noncommittal.
You were not hungry.

You visited 1 branch

Inventory:

Hand Weapons
 a - a +1 dagger (weapon)
 m - a +4 quarterstaff of speed
 n - a +2 scimitar of flaming
Armour
 b - a +0 robe (worn)
Magical Staves
 l - an uncursed staff of energy
Jewellery
 o - a +3 ring of dexterity (left hand)
 p - a +3 ring of dexterity (right hand)
Wands
 k - a wand of acid (10)
Scrolls
 g - 3 scrolls of remove curse
 i - 2 scrolls of amnesia
 j - 2 scrolls of blinking
Potions
 e - 5 potions of curing
 f - 3 potions of heal wounds
 h - 4 potions of magic
Comestibles
 d - a ration


   Skills:
 - Level 2.6 Fighting
 - Level 2.7 Short Blades
 - Level 6.0 Dodging
 - Level 6.0 Stealth
 - Level 4.5 Spellcasting
 - Level 5.5 Hexes
 + Level 1.0 Evocations


You couldn't memorise any spells.
You knew the following spells:

 Your Spells              Type           Power        Failure   Level
a - Corona                Hex            ###....      1%          1
b - Ensorcelled Hibernat  Hex/Ice        ##....       7%          2
d - Tukima's Dance        Hex            ###.....     4%          3
e - Dazzling Flash        Conj/Hex       ##....       14%         3
A - Confusing Touch       Hex            ###.....     4%          3

Your spell library contained the following spells:

 Spells                   Type           Power        Failure   Level


Dungeon Overview and Level Annotations

Branches:
Dungeon (1/1)

Altars:
Cheibriados
Dithmenos
Elyvilon
Fedhas
Gozag
Hepliaklqana
Kikubaaqudgha
Makhleb
Nemelex Xobeh
Okawaru
Qazlal
Ru
Sif Muna
Trog
Uskayaw
Vehumet
Wu Jian
Xom
Yredelemnul
Zin
The Shining One
Beogh
Jiyva
Lugonu


Innate Abilities, Weirdness & Mutations

You are very small and have problems with some larger weapons.
You are too small for most types of armour.
You have supernaturally acute eyesight. (SInv)
You are a herbivore.
You cover ground extremely quickly.
You need to consume almost no food.


Message History

You hit the white imp.
The white imp is moderately wounded.
The white imp gestures at you. The puff of frost hits you!
You hit the white imp but do no damage.
The white imp is moderately wounded.
The white imp shouts, "Embrace submission, thou paunchy onion-eyed sopling!"
The white imp gestures at you. The puff of frost hits you!
* * * LOW HITPOINT WARNING * * *
You barely miss the white imp.
The white imp is moderately wounded.
The white imp misses you.
You hit the white imp.
The white imp is heavily wounded.
You hit the white imp but do no damage.
The white imp is heavily wounded.
The white imp gestures at you. The puff of frost hits you!
You die...

▓.▓
▓)▓
▓[▓
▓[▓
▓[▓
▓.▓
▓.▓
▓'▓
▓@▓
▓5▓
▓S▓
▓y▓
▓Z▓
▓Z▓
▓+▓


You could see a killer bee (wandering), an adder (wandering), a white imp, a
leopard gecko zombie (wandering) and a ball python zombie (wandering).

Vanquished Creatures
  2 worker ants (D)
  A white imp (D)
  An ooze (D)
  An adder zombie (D)
  A leopard gecko (D)
  A ball python (D)
  A goblin (D)
  A hobgoblin (D)
  A kobold (D)
  A rat (D)
11 creatures vanquished.

Notes
Turn   | Place    | Note
-------+----------+-------------------------------------------
     0 | D        | MordorOrchid the Spriggan Enchanter began the quest for the
                  | Orb.
     0 | D        | Reached XP level 1. HP: 9/9 MP: 5/5
     9 | D        | Reached skill level 1 in Fighting
    96 | D        | Noticed a worker ant
    96 | D        | Noticed a worker ant
   116 | D        | Reached XP level 2. HP: 7/15 MP: 4/7
   118 | D        | Reached skill level 5 in Dodging
   121 | D        | Reached skill level 5 in Stealth
   126 | D        | Reached skill level 5 in Hexes
   126 | D        | Reached XP level 3. HP: 14/19 MP: 3/9
   130 | D        | Reached XP level 4. HP: 17/23 MP: 3/11
   137 | D        | Found a roughly hewn altar of Beogh.
   137 | D        | Found a snail-covered altar of Cheibriados.
   137 | D        | Found a shadowy altar of Dithmenos.
   137 | D        | Found a white marble altar of Elyvilon.
   137 | D        | Found a blossoming altar of Fedhas.
   137 | D        | Found an opulent altar of Gozag.
   138 | D        | Found a hazy altar of Hepliaklqana.
   139 | D        | Found a viscous altar of Jiyva.
   140 | D        | Found an ancient bone altar of Kikubaaqudgha.
   141 | D        | Found a corrupted altar of Lugonu.
   142 | D        | Found a burning altar of Makhleb.
   143 | D        | Became a worshipper of Elyvilon the Healer
   144 | D        | Found a sparkling altar of Nemelex Xobeh.
   145 | D        | Found an iron altar of Okawaru.
   146 | D        | Found a stormy altar of Qazlal.
   147 | D        | Found a sacrificial altar of Ru.
   148 | D        | Found a shimmering blue altar of Sif Muna.
   149 | D        | Found a bloodstained altar of Trog.
   150 | D        | Found a hide-covered altar of Uskayaw.
   151 | D        | Found a radiant altar of Vehumet.
   152 | D        | Found an ornate altar of the Wu Jian Council.
   153 | D        | Found a shimmering altar of Xom.
   154 | D        | Found a basalt altar of Yredelemnul.
   155 | D        | Found a glowing silver altar of Zin.
   156 | D        | Found a glowing golden altar of the Shining One.
   265 | D        | Learned a level 3 spell: Confusing Touch
   268 | D        | Learned a level 2 spell: Ensorcelled Hibernation
   272 | D        | Learned a level 3 spell: Tukima's Dance
   276 | D        | Learned a level 3 spell: Dazzling Flash
   281 | D        | Reached skill level 1 in Evocations
   288 | D        | Killed from afar by a white imp

Illustrated notes

Levels and vault maps discovered:
D:        linesprint [early_d, line_temple, items_1, d_10, items_2, lair_1,
          lair_end, items_3, orc_1, orc_end, items_4, d_15, swamp_1, shoals_1,
          snake_1, spider_1, d_20, vaults_1, items_5, swamp_end, shoals_end,
          snake_end, spider_end, vaults_end, d_27, items_6, zot_1, zot_end,
          crypt_end, forest_end, elf_end, slime_end, tomb_end, abyss_end,
          pan_hell_end]

Skill      XL: |  1  2  3  4 |
---------------+-------------+-----
Fighting       | 2 |  2.6
Dodging        | 4 5 6 |  6.0
Spellcasting   | 3 4 |  4.5
Hexes          | 4 5 |  5.5
Stealth        | 5 6 |  6.0
Short Blades   | 2 |  2.7
Evocations     | 1 |  1.0

Action                   |  1- 3 |  4- 6 || total
-------------------------+-------+-------++-------
Melee: Dagger            |    45 |     9 ||    54
 Cast: Corona            |     8 |       ||     8
  Use: Potion            |     2 |     1 ||     3
 Stab: Invisible         |       |     1 ||     1
Armor: Robe              |     2 |     1 ||     3
Dodge: Dodged            |    30 |     1 ||    31

Table legend:
 A = Non-vault XP
 B = Vault XP
 C = Vault XP percentage of total XP
 D = Non-vault monster count
 E = Vault monster count
 F = Vault count percentage of total count
                 A         B        C        D         E       F
            +---------+---------+-------+---------+---------+-------
      Total |       0 |     101 | 100.0 |       0 |      11 | 100.0
            +---------+---------+-------+---------+---------+-------
          D |       0 |     101 | 100.0 |       0 |      11 | 100.0
            +---------+---------+-------+---------+---------+-------
